 Dungeon Crawl Stone Soup version 0.25-a0-44-g29a1220a87 (webtiles) character file.

Game seed: 6311240202206832024, levelgen mode: deterministic

1764367 Flugkiller the Slayer (level 27, 414/414 HPs)
             Began as an Octopode Necromancer on Oct 25, 2019.
             Was the Champion of Okawaru.
             Escaped with the Orb
             ... and 3 runes!
             The game lasted 03:09:30 (63527 turns).

Flugkiller the Slayer (Octopode Necromancer)       Turns: 63527, Time: 03:09:30

Health: 414/414    AC: 31    Str: 23    XL:     27
Magic:  47/47      EV: 39    Int: 38    God:    Okawaru [******]
Gold:   3981       SH: 28    Dex: 31    Spells: 6/48 levels left

rFire    + + .     SeeInvis +   V - +9 broad axe (vamp)
rCold    + . .     Gourm    +   g - +4 large shield of the Solstice {rPois Int+3 Slay+5}
rNeg     + + .     Faith    .   P - +2 hat {MR+}
rPois    ∞         Spirit   .   a - amulet of Hopidooj {Gourm *Contam rElec Dex+4 Slay+6}
rElec    +         Reflect  .   X - ring of protection from magic
rCorr    .         Harm     .   z - ring of protection from cold
MR       +++++                  R - ring "Fettylea" {rPois Str+8 Int+2 Dex-3 Slay+2}
Stlth    ..........             T - ring "Sykaulaw" {rElec Str+3 Int+3 Dex+4 SInv}
HPRegen  1.79/turn              L - ring of protection from magic
MPRegen  0.30/turn              o - ring of Icwuohas {rN+ MP+9 Int+5 Stlth+}
                                Q - ring of protection from fire
                                N - ring of protection from fire

@: mighty, brilliant, agile, berserking (expiring), statue-form, shrouded,
regenerating, hasted, deflect missiles, quick
A: almost no armour, stealthy swim, amphibious, 8 rings, constrict 8, camouflage
1, see invisible, agile 1, deterioration 1, dopey 1, screaming 1, inhibited
regeneration, weak 1, no potion heal 1, subdued magic 1
0: Orb of Zot
}: 3/15 runes: serpentine, barnacled, silver
a: End Transformation, Heroism, Finesse, Renounce Religion


You escaped.
You worshipped Okawaru.
Okawaru was exalted by your worship.
You were completely stuffed.
You were a stone statue.
You visited 10 branches of the dungeon, and saw 50 of its levels.
You also visited: Sewer, Ossuary, Bailey, Gauntlet, Ice Cave, Volcano and Desolation.

You collected 6502 gold pieces.
You spent 2521 gold pieces at shops.

Inventory:

Hand Weapons
 b - the +6 broad axe "Guos" {antimagic, rPois rF+ Int-3}
   (Okawaru gifted it to you on level 4 of the Vaults)

   It reduces the magical energy of the wielder, and disrupts the spells and
   magical abilities of those hit.
   Natural abilities and divine invocations are not affected.
   It affects your intelligence (-3).
   It protects you from fire.
   It protects you from poison.
 f - the +7 bardiche "Ujitowi" {chop, -Tele rC+++ MP+9 Dex+2}
   (You found it in a bailey)

   It inflicts extra damage upon your enemies.
   It affects your dexterity (+2).
   It renders you almost immune to cold.
   It affects your magic capacity (+9).
   It prevents most forms of teleportation.
 V - a +9 vampiric broad axe (weapon)
   (Okawaru gifted it to you on level 1 of the Lair of Beasts)
Missiles
 u - 10 throwing nets (quivered)
Armour
 g - the +4 large shield of the Solstice (worn) {rPois Int+3 Slay+5}
   (Okawaru gifted it to you on level 4 of the Shoals)

   It affects your intelligence (+3).
   It affects your accuracy and damage with ranged weapons and melee attacks
   (+5).
   It protects you from poison.
 P - a +2 hat of magic resistance (worn)
   (Okawaru gifted it to you on level 5 of the Vaults)
Jewellery
 a - the amulet of Hopidooj (around mantle) {Gourm *Contam rElec Dex+4 Slay+6}
   (You found it on level 7 of the Dungeon)

   [amulet of the gourmand]

   It allows you to eat raw meat even when not hungry.
   It affects your dexterity (+4).
   It affects your accuracy and damage with ranged weapons and melee attacks
   (+6).
   It insulates you from electricity.
   It causes magical contamination when unequipped.
 o - the ring of Icwuohas (on tentacle) {rN+ MP+9 Int+5 Stlth+}
   (You found it on level 3 of the Depths)

   [ring of magical power]

   It affects your intelligence (+5).
   It protects you from negative energy.
   It affects your magic capacity (+9).
   It makes you more stealthy.
 z - a ring of protection from cold (right tentacle)
   (You found it on level 4 of the Dungeon)
 L - a ring of protection from magic (on tentacle)
   (You found it in a sewer)
 N - a ring of protection from fire (on tentacle)
   (You took it off a deep elf blademaster on level 3 of the Elven Halls)
 Q - a ring of protection from fire (on tentacle)
   (You bought it in a shop on level 2 of the Orcish Mines)
 R - the ring "Fettylea" (on tentacle) {rPois Str+8 Int+2 Dex-3 Slay+2}
   (You took it off an ironheart preserver on level 5 of the Vaults)

   [ring of poison resistance]

   It affects your strength (+8).
   It affects your intelligence (+2).
   It affects your dexterity (-3).
   It affects your accuracy and damage with ranged weapons and melee attacks
   (+2).
   It protects you from poison.
 S - an uncursed ring of protection from fire
   (You took it off a deep elf high priest on level 3 of the Elven Halls)
 T - the ring "Sykaulaw" (on tentacle) {rElec Str+3 Int+3 Dex+4 SInv}
   (You acquired it on level 1 of the Shoals)

   [ring of intelligence]

   It affects your strength (+3).
   It affects your intelligence (+3).
   It affects your dexterity (+4).
   It insulates you from electricity.
   It lets you see invisible.
 X - a ring of protection from magic (left tentacle)
   (You found it on level 3 of the Vaults)
 Z - an uncursed ring of wizardry
   (You found it on level 5 of the Dungeon)
Wands
 m - a wand of digging (17)
   (You found it in a Gauntlet)
 s - a wand of acid (20)
   (You found it on level 15 of the Dungeon)
 y - a wand of paralysis (17)
   (You found it on level 3 of the Dungeon)
 C - a wand of enslavement (24)
   (You took it off a gnoll on level 7 of the Dungeon)
 E - a wand of scattershot (10)
   (You found it on level 3 of the Shoals)
 I - a wand of clouds (3)
   (You found it on level 4 of the Snake Pit)
 J - a wand of disintegration (67)
   (You found it on level 6 of the Dungeon)
 K - a wand of iceblast (21)
   (You found it on level 15 of the Dungeon)
Scrolls
 c - 2 scrolls of identify
 h - 16 scrolls of teleportation
 j - 15 scrolls of fog
 k - 3 scrolls of holy word
 t - 5 scrolls of magic mapping
 B - 7 scrolls of immolation
 D - 3 scrolls of summoning
 G - 4 scrolls of blinking
 H - 2 scrolls of fear
 W - 7 scrolls of enchant armour
Potions
 e - 6 potions of might
 i - 4 potions of ambrosia
 n - 4 potions of agility
 p - 25 potions of curing
 q - 13 potions of haste
 v - 6 potions of brilliance
 w - 6 potions of heal wounds
 x - 3 potions of invisibility
 F - a potion of cancellation
 M - a potion of resistance
 O - 2 potions of mutation
 U - 3 potions of magic
 Y - 2 potions of berserk rage
Miscellaneous
 r - a lamp of fire
   (You found it on level 4 of the Shoals)
 A - 2 phantom mirrors
Comestibles
 d - 64 rations


   Skills:
 + Level 23.8 Fighting
 - Level 17.3(18.0) Axes
 - Level 8.7(14.1) Polearms
 - Level 20.0 Dodging
 - Level 5.1 Stealth
 - Level 20.0 Shields
 - Level 11.0 Spellcasting
 - Level 5.0 Conjurations
 - Level 8.0 Charms
 - Level 5.0 Necromancy
 - Level 4.0 Translocations
 - Level 12.0 Transmutations
 - Level 8.0 Air Magic
 - Level 12.0 Earth Magic
 - Level 10.0 Invocations
 - Level 10.0 Evocations


You had 6 spell levels left.
You knew the following spells:

 Your Spells              Type           Power        Failure   Level  Hunger
a - Pain                  Necr           ####         1%          1    None
b - Animate Skeleton      Necr           N/A          1%          1    None
c - Deflect Missiles      Chrm/Air       ######....   1%          6    ####...
d - Animate Dead          Necr           N/A          1%          4    None
e - Passage of Golubria   Tloc           N/A          1%          4    None
f - Shroud of Golubria    Chrm/Tloc      ######       1%          2    None
g - Conjure Flame         Conj/Fire      #####...     1%          3    None
h - Statue Form           Tmut/Erth      #######..    1%          6    ####...
i - Irradiate             Conj/Tmut      ######....   1%          5    None
j - Borgnjor's Vile Clut  Necr/Erth      ######....   1%          5    None
r - Blink                 Tloc           N/A          1%          2    None
w - Regeneration          Chrm/Necr      ######....   1%          3    None

Your spell library contained the following spells:

 Spells                   Type           Power        Failure   Level  Hunger
 Beastly Appendage        Tmut           ######       0%          1    None
 Sandblast                Erth           ######       0%          1    None
 Passwall                 Tmut/Erth      #######.     0%          2    None
 Corona                   Hex            ####...      1%          1    None
 Flame Tongue             Conj/Fire      #####        1%          1    None
 Freeze                   Ice            ####         1%          1    None
 Magic Dart               Conj           ####         1%          1    None
 Shock                    Conj/Air       ####         1%          1    None
 Sting                    Conj/Pois      ####         1%          1    None
 Summon Small Mammal      Summ           ####         1%          1    None
 Call Imp                 Summ           ####....     1%          2    None
 Corpse Rot               Necr           N/A          1%          2    None
 Ensorcelled Hibernation  Hex/Ice        ####..       1%          2    None
 Poisonous Vapours        Pois/Air       ######       1%          2    None
 Searing Ray              Conj           ######       1%          2    None
 Slow                     Hex            ####....     1%          2    None
 Song of Slaying          Chrm           ######..     1%          2    None
 Sublimation of Blood     Necr           ######....   1%          2    None
 Throw Flame              Conj/Fire      #####.       1%          2    None
 Throw Frost              Conj/Ice       #####.       1%          2    None
 Confuse                  Hex            ####....     1%          3    None
 Dazzling Spray           Conj/Hex       #####.       1%          3    None
 Gell's Gravitas          Tloc           ######....   1%          3    None
 Ignite Poison            Fire/Tmut/Pois ######..     1%          3    None
 Inner Flame              Hex/Fire       ####....     1%          3    None
 Lesser Beckoning         Tloc           ######....   1%          3    None
 Mephitic Cloud           Conj/Pois/Air  ######..     1%          3    None
 Ozocubu's Armour         Chrm/Ice       ######..     1%          3    None
 Portal Projectile        Hex/Tloc       #####.       1%          3    None
 Recall                   Summ/Tloc      N/A          1%          3    None
 Spider Form              Tmut/Pois      ######....   1%          3    None
 Static Discharge         Conj/Air       ######..     1%          3    None
 Stone Arrow              Conj/Erth      ######       1%          3    None
 Teleport Other           Tloc           ######..     1%          3    None
 Tukima's Dance           Hex            ####....     1%          3    None
 Vampiric Draining        Necr           ######....   1%          3    None
 Force Lance              Conj/Tloc      ######..     1%          4    None
 Fulminant Prism          Conj/Hex       #####.....   1%          4    None
 Ice Form                 Ice/Tmut       ######..     1%          4    None
 Iskenderun's Mystic Bla  Conj           ######..     1%          4    None
 Leda's Liquefaction      Hex/Erth       ######....   1%          4    None
 Petrify                  Tmut/Erth      #######.     1%          4    None
 Sticky Flame             Conj/Fire      #####...     1%          4    None
 Summon Lightning Spire   Summ/Air       ######..     1%          4    None
 Throw Icicle             Conj/Ice       #####...     1%          4    None
 Agony                    Necr           ######..     1%          5    None
 Alistair's Intoxication  Tmut/Pois      ######..     1%          5    None
 Bolt of Draining         Conj/Necr      ######....   1%          5    None
 Bolt of Magma            Conj/Fire/Erth ######....   1%          5    None
 Excruciating Wounds      Chrm/Necr      ######....   1%          5    None
 Iskenderun's Battlesphe  Conj/Chrm      ######..     1%          5    None
 Lee's Rapid Deconstruct  Erth           #######...   1%          5    None
 Lightning Bolt           Conj/Air       ######....   1%          5    None
 Silence                  Hex/Air        ######....   1%          5    None
 Hydra Form               Tmut           #######...   1%          6    ####...
 Iron Shot                Conj/Erth      ######....   1%          6    ####...
 Cause Fear               Hex            ####......   3%          4    None
 Olgreb's Toxic Radiance  Pois           ####....     3%          4    None
 Summon Ice Beast         Ice/Summ       ####....     3%          4    None
 Fireball                 Conj/Fire      #####.....   3%          5    None
 Venom Bolt               Conj/Pois      #####.....   3%          5    None
 Conjure Ball Lightning   Conj/Air       ######....   3%          6    ####...
 Summon Forest            Summ/Tloc      #####.....   4%          5    None
 Freezing Cloud           Conj/Ice/Air   ######....   9%          6    ####...
 Aura of Abjuration       Summ           ####......   10%         5    None
 Metabolic Englaciation   Hex/Ice        ####......   10%         5    None
 Summon Demon             Summ           ####......   10%         5    None
 Summon Mana Viper        Hex/Summ       ####....     10%         5    None
 Bolt of Cold             Conj/Ice       #####.....   17%         6    ####...
 Simulacrum               Ice/Necr       #####.....   17%         6    ####...
 Ozocubu's Refrigeration  Ice            ####......   41%         6    ####...
 Shadow Creatures         Summ           N/A          41%         6    ####...
 Dragon Form              Tmut           #######...   2%          7    #####..
 Orb of Destruction       Conj           ######....   32%         7    #####..
 Spellforged Servitor     Conj/Summ      #####.....   61%         7    #####..
 Shatter                  Erth           #######...   86%         9    #######
 Ignition                 Fire           ####......   100%        8    #######
 Dragon's Call            Summ           ####......   100%        9    #######
 Tornado                  Air            ######....   100%        9    #######


Dungeon Overview and Level Annotations

Branches:
Dungeon (15/15)            Temple (1/1) D:4            Lair (6/6) D:11
 Shoals (4/4) Lair:2        Snake (4/4) Lair:4        Slime (0/5) Lair:6
    Orc (2/2) D:10            Elf (3/3) Orc:2        Vaults (5/5) D:13
  Crypt (0/3) Vaults:2     Depths (5/5) D:15            Zot (5/5) Depths:5
  Sewer (visited)         Ossuary (visited)          Bailey (visited)
  IceCv (visited)         Volcano (visited)         Desolation (visited)
Gauntlet (visited)

Altars:
Ashenzari
Cheibriados
Dithmenos
Elyvilon
Gozag
Hepliaklqana
Kikubaaqudgha
Makhleb
Nemelex Xobeh
Okawaru
Qazlal
Sif Muna
Trog
Uskayaw
Vehumet
Wu Jian
Xom
Yredelemnul
Zin
The Shining One
Beogh
Lugonu

Shops:
D:8 (?[**   D:13 (?}(   D:14 [   D:15 (   Orc:2 =*[(   Elf:1 *   Elf:2 }
Shoals:4 *   Snake:4 }   Vaults:1 [   Vaults:3 %***   Depths:5 =

Portals:
Hell: Depths:1 Depths:2 Depths:3 Depths:5
Abyss: Depths:1 Depths:2 Depths:3
Pandemonium: Depths:3
Ziggurat: Depths:3

Annotations:
D:14 1 runed translucent door
Lair:2 exclusion: 2 oklob plants
Snake:1 exclusion: oklob plant
Elf:1 Roxanne
Depths:3 exclusion: 2 downstairs
Depths:4 exclusion: 4 doors
Depths:5 exclusion: 2 upstairs


Innate Abilities, Weirdness & Mutations

You cannot wear most types of armour.
You are very stealthy in the water. (Stealth+)
You are amphibious.
You can wear up to eight rings at the same time.
You can use your tentacles to constrict eight enemies at once.
Your skin changes colour to match your surroundings (Stealth+).
((Your rubbery body absorbs attacks. (AC +1, EV +1)))
((You are partially covered in icy blue scales. (AC +2)))
You have supernaturally acute eyesight. (SInv)
You are agile. (Dex +2)
Your body sometimes deteriorates upon taking damage.
You are dopey. (Int -2)
You occasionally shout uncontrollably at your foes.
You do not regenerate when monsters are visible.
You are weak. (Str -2)
Potions are less effective at restoring your health.
Your spells are a little easier to cast, but a little less powerful.


Message History

There is a stone staircase leading down here.
The goblin is too close now for your liking.
Unknown command.
The goblin shouts!
The goblin throws a stone.
You block the stone.
You see here a stone.
The goblin throws a stone.
You block the stone.
The goblin throws a stone.
You block the stone. You block the goblin's attack.
You open the goblin like a pillowcase!!!
You kill the goblin!
No target in view!
Things that are here:
a +0 club; 13 stones
(D) Dungeon (T) Temple (L) Lair (A) Shoals (P) Snake Pit (M) Slime Pits (O) Orcish Mines (E) Elven Halls (V) Vaults (C) Crypt (U) Depths (H) Hell (Z) Zot
Where to? (Enter - D:1 @ (x,y), ? - help)
There is a large open door here.
There is a staircase leading out of the dungeon here.
Unknown command.
You feel agile all of a sudden.
You feel clever all of a sudden.
You feel very mighty all of a sudden.
You feel yourself speed up.
Okay, then.
Okay, then.
Casting: Regeneration (safe; 1% risk of failure)
Confirm with . or Enter, or press ? or * to list all spells.
Space distorts slightly along a thin shroud covering your body.
Casting: Shroud of Golubria (safe; 1% risk of failure)
Confirm with . or Enter, or press ? or * to list all spells.
You feel very safe from missiles.
Casting: Deflect Missiles (safe; 1% risk of failure)
Confirm with . or Enter, or press ? or * to list all spells.
Your skin crawls.
Okay, then.
Casting: Regeneration (safe; 1% risk of failure)
Confirm with . or Enter, or press ? or * to list all spells.
You turn into a living statue of rough stone.
Magic courses through your body.
A red film seems to cover your vision as you go berserk!
You feel yourself moving faster!
You feel mighty! What are your orders? t - Shout!
Anything else - Cancel.
You shout wildly!
You feel a strong urge to attack something.
Enter note: gg You have escaped!

##################
≈.≈P≈≈≈≈PP≈≈≈P≈≈≈#
.P≈P≈≈≈P≈P≈≈≈≈≈≈≈#
≈PP≈≈≈≈P≈P≈≈≈≈≈≈≈#
≈≈≈≈≈≈≈≈≈≈≈≈≈≈≈≈≈#
≈≈≈≈≈≈≈≈≈≈≈≈≈≈≈.≈#
.≈≈≈..≈≈≈≈≈..≈..≈#
#.≈.##.≈.≈.#P.≈#.#
##.####.≈.######8#
### ##### ###


There were no monsters in sight!

Vanquished Creatures
  5 ancient liches
  5 orbs of fire
  Mara (Depths:3)
  A juggernaut (Depths:3)
  Sojobo (Vaults:5)
  6 Killer Klowns
  Bai Suzhen (Depths:2)
  Margery (Depths:2)
  A pandemonium lord (Depths:5)
  A curse toe (Zot:3)
  8 golden dragons
  Nikola (Snake:2)
  the Enchantress (Depths:2)
  A bone dragon (Vaults:2)
  3 electric golems
  11 tentacled monstrosities
  28 Orb Guardians
  An Ice Fiend (IceCv)
  A deep elf blademaster (Elf:3)
  Asterion (Vaults:2)
  4 quicksilver dragons
  6 titans (Vaults:5)
  A lich (Depths:5)
  5 sphinxes
  3 krakens
  2 death cobs
  2 deep elf master archers (Elf:3)
  Frances (D:13)
  An Executioner (Zot:2)
  Kirke (Lair:5)
  8 tengu reavers
  4 shadow dragons
  8 nagarajas
  14 storm dragons
  6 frost giants
  A draconian knight (Depths:5)
  2 orc warlords
  3 fire giants
  An iron dragon (Vaults:5)
  4 ghost moths
  12 deep elf sorcerers
  Aizul (Depths:2)
  A draconian scorcher (Zot:4)
  Louise (Elf:3)
  19 vault wardens
  A cacodemon (Zot:2)
  3 deep elf elementalists
  3 draconian annihilators
  3 imperial myrmidons (Desolation)
  14 ironheart preservers
  2 draconian stormcallers
  2 balrugs
  2 draconian shifters
  17 stone giants
  2 angels
  5 spriggan defenders
  A war gargoyle (Vaults:5)
  An entropy weaver (Vaults:5)
  16 very ugly things
  12 green draconians
  Azrael (D:14)
  8 deep elf demonologists
  A vampire knight (Depths:3)
  5 black draconians
  A minotaur (Gauntlet)
  3 white draconians
  7 deep elf annihilators
  6 red draconians
  7 spark wasps
  5 purple draconians
  2 yellow draconians
  A minotaur (shapeshifter) (Vaults:5)
  5 deep elf death magi
  12 ettins
  10 fire dragons
  Snorg (Lair:4)
  3 merfolk javelineers
  2 green deaths
  9 deep elf high priests
  17 yaktaur captains
  9 crystal guardians
  7 great orbs of eyes
  5 merfolk impalers
  7 ragged hierophants (Desolation)
  6 ice dragons
  11 peacekeepers
  6 rakshasas
  6 servants of whispers (Desolation)
  3 spriggan air magi
  A hydra (shapeshifter) (Vaults:5)
  4 hydras
  27 vault guards
  12 naga warriors
  5 anacondas
  13 centaur warriors
  An alligator snapping turtle (Shoals:4)
  A death knight (Vaults:3)
  A merfolk aquamancer (Shoals:4)
  A two-headed ogre (shapeshifter) (Vaults:2)
  6 deep troll earth magi
  A satyr (Shoals:4)
  31 two-headed ogres
  2 merfolk avatars (Shoals:4)
  27 dancing weapons
  6 tengu warriors
  A vampire mage (Depths:2)
  5 orc high priests
  7 death yaks
  10 ogre magi
  6 shock serpents
  2 death scarabs (Gauntlet)
  2 deep troll shamans
  12 naga sharpshooters
  9 spriggan berserkers
  3 small abominations
  25 deep elf knights
  4 sun demons
  A spectral death yak (Gauntlet)
  2 sixfirhies (Zot:2)
  Nergalle (Lair:1)
  The ghost of Qupu the Spear-Bearer, a novice MfCK of Xom (D:7)
  10 sea snakes
  A salamander mystic (Snake:3)
  6 skeletal warriors (Vaults:1)
  A gelid demonspawn (Depths:3)
  3 glowing orange brains
  2 unseen horrors (D:15)
  3 naga ritualists
  A death drake (Elf:1)
  7 hell knights
  17 deep trolls
  A flayed ghost (Depths:3)
  2 lindwurms (Volcano)
  2 phantasmal warriors
  20 deep elf archers
  A shadow dragon zombie (Vaults:4)
  9 harpies
  65 deep elf magi
  4 wizards
  A wolf spider zombie (D:15)
  29 ironbrand convokers
  15 orc knights
  2 harpies (shapeshifter)
  13 mana vipers
  6 necromancers
  9 fauns
  9 cyclopes
  2 orc sorcerers (Orc:2)
  5 wolf spiders
  2 stone giant zombies
  32 ugly things
  8 manticores
  An elephant (shapeshifter) (Vaults:2)
  12 salamanders
  8 elephants
  13 moths of wrath
  2 stone giant skeletons (Depths:2)
  2 ice statues (IceCv)
  14 naga magi
  2 black mambas (shapeshifter)
  34 black mambas
  5 molten gargoyles
  4 vault sentinels
  7 merfolk sirens
  9 guardian serpents
  11 spiny frogs
  An eye of devastation (shapeshifter) (Vaults:5)
  2 gargoyles (D:13)
  4 torpor snails
  5 centaur skeletons
  9 water nymphs
  A titan simulacrum (Vaults:4)
  An orange demon (Zot:2)
  3 rime drakes
  A kobold demonologist (D:14)
  A spriggan zombie (Depths:2)
  A yaktaur zombie (Vaults:2)
  8 komodo dragons
  2 anaconda simulacra (IceCv)
  2 efreet (Volcano)
  44 yaktaurs
  A tormentor (Depths:5)
  5 freezing wraiths
  4 red devils
  A golden dragon simulacrum (IceCv)
  3 tengu conjurers
  A troll (shapeshifter) (Vaults:4)
  17 merfolk
  15 ice devils
  A meliai (shapeshifter) (Vaults:2)
  4 wind drakes
  3 large abominations (Zot:2)
  A queen bee (Lair:4)
  9 trolls
  3 meliai (Lair:4)
  2 polar bears
  A shadow dragon simulacrum (Depths:1)
  15 hornets
  69 saltlings
  2 hornets (shapeshifter)
  20 slime creatures
  5 tyrant leeches
  7 dream sheep
  A meliai zombie (D:13)
  7 snapping turtles
  A stone giant simulacrum (Vaults:2)
  A spectral black mamba (Gauntlet)
  A fire dragon zombie (Depths:1)
  16 blink frogs
  22 spriggans
  12 hippogriffs
  A wraith (D:8)
  2 air elementals
  A dire elephant simulacrum (IceCv)
  5 redbacks
  A redback (shapeshifter) (D:13)
  10 water elementals
  8 fire elementals
  2 wyverns
  2 wyverns (shapeshifter)
  2 hogs (shapeshifter) (Vaults:2)
  A yak (shapeshifter) (Elf:1)
  A spriggan (shapeshifter) (Vaults:4)
  2 vampires
  A hog (Lair:5)
  A tarantella (shapeshifter) (Depths:1)
  9 basilisks
  53 yaks
  A spectral komodo dragon (Gauntlet)
  Grum (D:7)
  4 chaos spawn
  3 hungry ghosts
  2 neqoxecs
  A yaktaur simulacrum (Vaults:4)
  5 swamp worms (Lair:2)
  5 wargs
  2 harpy simulacra (IceCv)
  3 soldier ants
  A deep troll zombie (Vaults:4)
  4 acid dragons
  59 nagas
  7 porcupines
  6 water moccasins
  4 hell hounds
  4 hydra simulacra (IceCv)
  6 ice beasts
  58 orc warriors
  3 sky beasts
  An eye of draining (D:10)
  7 black bears
  A black bear (shapeshifter) (Vaults:3)
  An ogre (shapeshifter) (Vaults:1)
  3 phantoms
  26 ogres
  15 boggarts
  21 wolves
  9 crocodiles
  34 centaurs
  3 big kobolds
  A big kobold (shapeshifter) (Vaults:2)
  10 bullfrogs
  A wyvern zombie (D:14)
  A gnoll sergeant (D:7)
  An elf simulacrum (Vaults:1)
  2 human skeletons
  3 earth elementals
  3 scorpions
  A troll zombie (D:8)
  29 killer bees (Lair:4)
  4 wights (D:12)
  7 howler monkeys
  2 electric eels (Elf:3)
  3 bullfrog zombies
  2 centaur zombies
  10 crimson imps
  A human simulacrum (Vaults:1)
  A quasit (D:12)
  5 hounds
  4 human zombies
  8 jellies
  14 orc priests
  4 bullfrog skeletons
  4 iguanas
  A gnoll shaman (D:7)
  35 orc wizards
  10 worker ants
  A big kobold zombie (Ossuary)
  A hound zombie (D:7)
  2 hound skeletons
  2 mummies
  20 adders
  8 gnolls (D:7)
  2 river rats (D:6)
  4 shadow imps
  An ooze (shapeshifter) (Vaults:5)
  2 adder zombies
  An adder skeleton (D:8)
  A worm (D:3)
  2 dart slugs (D:1)
  5 leopard geckos
  113 orcs
  5 ball pythons
  3 giant cockroaches
  9 goblins
  6 hobgoblins
  16 jackals
  8 quokkas
  11 bats
  11 frilled lizards
  5 goblin zombies (Ossuary)
  7 hobgoblin zombies (Ossuary)
  3 jackal zombies (Ossuary)
  20 kobolds
  7 kobold zombies (Ossuary)
  A leopard gecko skeleton (D:5)
  12 orc zombies
  2 quokka skeletons
  6 rats
  3 crawling corpses
  2 fire vortices
  A fungus (Lair:6)
  3 plants
  8 tentacles
2300 creatures vanquished.

Vanquished Creatures (collateral kills)
  An electric golem (Zot:5)
  A lich (Depths:3)
  A deep elf blademaster (Elf:3)
  A fire giant (Depths:3)
  A frost giant (Depths:3)
  A deep elf sorcerer (Elf:3)
  A merfolk impaler (Shoals:4)
  3 naga warriors (Snake:4)
  An anaconda (Snake:3)
  A merfolk aquamancer (Shoals:4)
  A death yak (Lair:5)
  A deep troll earth mage (Depths:2)
  A shock serpent (Snake:4)
  A wizard (Vaults:1)
  A sea snake (Shoals:4)
  4 harpies
  4 fauns (Shoals:3)
  An ugly thing (D:15)
  An orc sorcerer (Orc:2)
  2 elephants (Lair:6)
  A merfolk siren (Shoals:1)
  A black mamba (Snake:4)
  A naga mage (Snake:4)
  A fire giant skeleton (Depths:2)
  A vault sentinel (Vaults:1)
  A spiny frog (Lair:5)
  6 komodo dragons
  3 rime drakes
  A kobold demonologist (D:14)
  2 merfolk
  2 wind drakes
  A polar bear (Lair:6)
  2 hornets (Lair:6)
  3 hippogriffs
  A snapping turtle (Shoals:4)
  3 blink frogs
  6 dream sheep (Lair:5)
  4 spriggans (Lair:6)
  A wraith (D:14)
  5 yaks
  A hog (Lair:5)
  A fire elemental (D:14)
  A neqoxec (Depths:3)
  A basilisk (Lair:3)
  A hungry ghost (D:15)
  A warg (Orc:2)
  7 nagas
  A water moccasin (Lair:3)
  A porcupine (Lair:3)
  An ice beast (D:14)
  4 orc warriors
  7 wolves
  A centaur (Lair:2)
  A killer bee (Lair:4)
  2 crimson imps
  A hound (D:7)
  3 orc priests (Orc:2)
  2 worker ants
  A hound skeleton (D:5)
  2 adders
  A leopard gecko (D:3)
  19 orcs
  2 hobgoblins
  2 jackals (D:2)
  2 kobolds (D:14)
  3 bats
  A frilled lizard (D:5)
  3 fungi (Lair:6)
  8 plants
  A tentacle (Shoals:4)
157 creatures vanquished.

Vanquished Creatures (others)
  A tengu reaver (Vaults:5)
  2 fire giants (Depths:2)
  A vault warden (Vaults:5)
  A deep elf knight (Elf:1)
  A deep elf mage (Elf:2)
  A hell hound (D:14)
  A naga (Snake:4)
  A wolf (Lair:6)
  A howler monkey (D:13)
  A jelly (D:13)
  14 fungi
  36 plants
  14 tentacles
75 creatures vanquished.

Grand Total: 2532 creatures vanquished

Notes
Turn   | Place    | Note
-------+----------+-------------------------------------------
     0 | D:1      | Flugkiller the Octopode Necromancer began the quest for the
                  | Orb.
     0 | D:1      | Reached XP level 1. HP: 11/11 MP: 3/3
   136 | D:1      | Learned a level 1 spell: Animate Skeleton
   253 | D:1      | Reached skill level 1 in Fighting
   253 | D:1      | Reached XP level 2. HP: 18/18 MP: 5/5
   661 | D:1      | Reached XP level 3. HP: 18/23 MP: 6/6
   968 | D:1      | Reached skill level 2 in Fighting
  1137 | D:2      | Learned a level 3 spell: Vampiric Draining
  1513 | D:2      | Reached skill level 5 in Stealth
  1513 | D:2      | Reached XP level 4. HP: 26/29 MP: 3/7
  1558 | D:2      | Found a white marble altar of Elyvilon.
  1777 | D:2      | Found a radiant altar of Vehumet.
  1777 | D:2      | Found a snail-covered altar of Cheibriados.
  1778 | D:2      | Found an iron altar of Okawaru.
  1944 | D:2      | Became a worshipper of Warmaster Okawaru
  2619 | D:3      | Reached XP level 5. HP: 27/34 MP: 8/8
  2895 | D:4      | Learned a level 3 spell: Regeneration
  3013 | D:4      | Found a sand-covered staircase.
  3017 | Ossuary  | Entered an ossuary
  3395 | Ossuary  | Reached skill level 1 in Evocations
  3423 | Ossuary  | Reached skill level 1 in Invocations
  3457 | Ossuary  | Reached XP level 6. HP: 40/41 MP: 9/9
  3654 | D:4      | Found a glowing silver altar of Zin.
  3729 | D:4      | Found a staircase to the Ecumenical Temple.
  3752 | Temple   | Entered the Ecumenical Temple
  3916 | D:4      | Reached skill level 3 in Fighting
  4370 | D:5      | Entered Level 5 of the Dungeon
  4376 | D:5      | Found a stormy altar of Qazlal.
  4408 | D:5      | Reached * piety under Okawaru
  4458 | D:5      | Reached XP level 7. HP: 30/46 MP: 6/10
  5539 | D:6      | Reached skill level 4 in Fighting
  5633 | D:6      | Reached ** piety under Okawaru
  5633 | D:6      | Reached XP level 8. HP: 52/54 MP: 7/11
  5734 | D:6      | Found a glowing drain.
  5757 | Sewer    | Entered a sewer
  6391 | D:7      | Found a hide-covered altar of Uskayaw.
  6430 | D:7      | Reached skill level 5 in Dodging
  6430 | D:7      | Reached skill level 5 in Evocations
  6561 | D:7      | Reached skill level 5 in Fighting
  6573 | D:7      | Reached *** piety under Okawaru
  6573 | D:7      | Reached XP level 9. HP: 19/61 MP: 2/12
  6699 | D:7      | Found a transporter.
  6703 | D:7      | Found a transporter.
  6705 | D:7      | Identified the +2 ring mail "Ifinivuh" {rPois Regen+}
  6744 | D:7      | Noticed Qupu's ghost (novice MfCK)
  6776 | D:7      | Noticed Grum
  7120 | D:8      | Found Qyotsugo's Weapon Emporium.
  7138 | D:8      | Found Fyacixut's Magic Scroll Boutique.
  7149 | D:8      | Bought a scroll of magic mapping for 56 gold pieces
  7176 | D:8      | Noticed a two-headed ogre
  7204 | D:7      | Found an ornate altar of the Wu Jian Council.
  7255 | D:8      | Found a basalt altar of Yredelemnul.
  7422 | D:8      | Found Emastifo's Armour Emporium.
  7433 | D:8      | Found Mecilyim's General Store.
  7502 | D:8      | Killed a two-headed ogre
  7502 | D:8      | Reached skill level 6 in Fighting
  7616 | D:8      | Reached **** piety under Okawaru
  7657 | D:8      | Found Kesumis's Assorted Antiques.
  8306 | D:8      | Reached skill level 5 in Polearms
  8378 | D:9      | Reached skill level 5 in Necromancy
  8378 | D:9      | Reached XP level 10. HP: 68/68 MP: 14/14
  8419 | D:9      | Found an ancient bone altar of Kikubaaqudgha.
  8585 | D:9      | Found an opulent altar of Gozag.
  8587 | D:9      | Found a shimmering blue altar of Sif Muna.
  8614 | D:9      | Received a gift from Okawaru
  8886 | D:9      | Learned a level 4 spell: Animate Dead
  8893 | D:9      | Noticed a two-headed ogre
  9181 | D:9      | Killed a two-headed ogre
  9264 | D:9      | Found a shattered altar of Ashenzari.
  9769 | D:9      | Reached ***** piety under Okawaru
 10119 | D:10     | Entered Level 10 of the Dungeon
 10220 | D:10     | Found a flagged portal.
 10229 | Bailey   | Entered a bailey
 10964 | Bailey   | Received a gift from Okawaru
 10973 | Bailey   | Reached skill level 10 in Dodging
 11331 | Bailey   | Reached XP level 11. HP: 72/72 MP: 15/15
 11408 | Bailey   | Noticed an orc knight
 11537 | Bailey   | Killed an orc knight
 11692 | Bailey   | Got a jewelled bardiche
 11814 | D:9      | Identified the +7 bardiche "Ujitowi" {chop, -Tele rC+++
                  | MP+9 Dex+2} (You found it in a bailey)
 11893 | D:10     | Noticed a two-headed ogre
 11908 | D:10     | Killed a two-headed ogre
 11908 | D:10     | Reached skill level 5 in Invocations
 12061 | D:10     | Found a staircase to the Orcish Mines.
 12168 | D:10     | Noticed a two-headed ogre
 12179 | D:10     | Killed a two-headed ogre
 12889 | D:11     | Found a staircase to the Lair.
 12932 | D:11     | Noticed a cyclops
 13220 | D:11     | Reached skill level 7 in Fighting
 13480 | D:11     | Reached skill level 8 in Fighting
 13967 | Lair:1   | Entered Level 1 of the Lair of Beasts
 13967 | Lair:1   | Noticed Nergalle
 14127 | Lair:1   | Reached XP level 12. HP: 75/82 MP: 18/18
 14176 | Lair:1   | Learned a level 4 spell: Passage of Golubria
 14328 | Lair:1   | Received a gift from Okawaru
 14533 | Lair:1   | Reached skill level 1 in Translocations
 14793 | Lair:2   | Noticed a four-headed hydra
 14810 | Lair:1   | Reached skill level 1 in Axes
 14905 | Lair:1   | Killed Nergalle
 14953 | Lair:2   | Noticed an eight-headed hydra
 14967 | Lair:2   | Killed a four-headed hydra
 15143 | Lair:2   | Killed a four-headed hydra
 15143 | Lair:2   | Reached skill level 5 in Axes
 16724 | Lair:2   | Found a staircase to the Shoals.
 16748 | Lair:2   | Got a slimy hand axe
 16749 | Lair:2   | Identified the +8 hand axe of Fixeolea {chop, rElec SInv
                  | Stlth+} (You found it on level 2 of the Lair of Beasts)
 16860 | Lair:2   | Received a gift from Okawaru
 16861 | Lair:2   | Got a crystal battleaxe {god gift}
 16868 | Lair:2   | Identified the +6 battleaxe of Qiqera {chop, Dex+4}
                  | (Okawaru gifted it to you on level 2 of the Lair of Beasts)
 17115 | Lair:3   | Found a dark tunnel.
 17133 | Volcano  | Entered a volcano
 17250 | Volcano  | Reached XP level 13. HP: 69/88 MP: 19/19
 17607 | Lair:3   | Reached skill level 10 in Axes
 18542 | Lair:4   | Received a gift from Okawaru
 18967 | Lair:4   | Noticed Snorg
 19349 | Lair:4   | Killed Snorg
 19357 | Lair:4   | Found a staircase to the Snake Pit.
 19617 | Lair:4   | HP: 2/89 [killer bee (6)]
 19781 | Lair:4   | Reached ****** piety under Okawaru
 20091 | Lair:4   | Reached skill level 9 in Fighting
 20306 | Lair:4   | Reached XP level 14. HP: 97/97 MP: 20/20
 20313 | Lair:4   | Received a gift from Okawaru
 20513 | Lair:5   | Learned a level 2 spell: Shroud of Golubria
 20517 | Lair:5   | Learned a level 3 spell: Conjure Flame
 20647 | Lair:5   | Reached skill level 10 in Fighting
 20870 | Lair:5   | Noticed Kirke
 20887 | Lair:5   | Killed Kirke
 20915 | Lair:5   | Got a crude hunting sling
 21488 | Lair:6   | Entered Level 6 of the Lair of Beasts
 21537 | Lair:6   | Found a gate leading to a gauntlet.
 21542 | Gauntlet | Entered a Gauntlet
 21542 | Gauntlet | Found a transporter.
 21542 | Gauntlet | Found a transporter.
 21561 | Gauntlet | Found a transporter.
 21564 | Gauntlet | Found a transporter.
 21568 | Gauntlet | Found a runed translucent door.
 21568 | Gauntlet | Found a runed translucent door.
 21572 | Gauntlet | Found a transporter.
 21576 | Gauntlet | Found a transporter.
 21586 | Gauntlet | Found a transporter.
 21604 | Gauntlet | Found a transporter.
 21622 | Gauntlet | Found a transporter.
 21626 | Gauntlet | Found a transporter.
 21634 | Gauntlet | Found a transporter.
 21638 | Gauntlet | Found a transporter.
 21763 | Gauntlet | Identified the +3 hunting sling of the Living Dead {freeze,
                  | rElec rN++ MR- Str+4} (You found it on level 5 of the Lair
                  | of Beasts)
 21806 | Gauntlet | Got a vibrating turquoise ring
 21807 | Gauntlet | Identified the ring "Sallisapo" {rN+ rCorr} (You found it
                  | in a Gauntlet)
 22013 | Gauntlet | Reached skill level 11 in Fighting
 22246 | Lair:6   | Received a gift from Okawaru
 22382 | Lair:5   | Reached skill level 5 in Spellcasting
 22689 | Lair:6   | Found a staircase to the Slime Pits.
 22997 | Lair:6   | Reached XP level 15. HP: 29/106 MP: 26/26
 23735 | Lair:6   | Received a gift from Okawaru
 23806 | Lair:6   | Learned a level 6 spell: Statue Form
 24390 | D:12     | Reached skill level 1 in Earth Magic
 24644 | D:12     | Reached skill level 1 in Transmutations
 24995 | D:13     | Noticed Frances
 25203 | D:13     | Found Rulefuc's Antique Weapon Boutique.
 25209 | D:13     | Found Plog's Magic Scroll Shop.
 25217 | D:13     | Found Nach's Gadget Emporium.
 25539 | D:13     | Bought a scroll of blinking for 90 gold pieces
 25856 | D:13     | Found a gate to the Vaults.
 25865 | D:13     | Received a gift from Okawaru
 25868 | D:13     | Got a fine shield {god gift}
 25875 | D:13     | Identified the +0 shield "Weit" {*Contam Dex+5} (Okawaru
                  | gifted it to you on level 13 of the Dungeon)
 25916 | D:13     | Gained mutation: Scrolls take you a little longer to read.
                  | [mutagenic glow]
 25980 | D:13     | Lost mutation: Scrolls take you a little longer to read.
                  | [potion of mutation]
 25980 | D:13     | Gained mutation: You are frail. (-10% HP) [potion of
                  | mutation]
 25980 | D:13     | Gained mutation: You are resistant to electric shocks.
                  | (rElec) [potion of mutation]
 25980 | D:13     | Gained mutation: Your mind is acute. (Int +2) [potion of
                  | mutation]
 25981 | D:13     | Lost mutation: Your mind is acute. (Int +2) [potion of
                  | mutation]
 25981 | D:13     | Gained mutation: Your spells are a little harder to cast,
                  | but a little more powerful. [potion of mutation]
 25981 | D:13     | Lost mutation: Your spells are a little harder to cast, but
                  | a little more powerful. [potion of mutation]
 25981 | D:13     | Gained mutation: You are partially covered in icy blue
                  | scales. (AC +2) [potion of mutation]
 26010 | D:13     | Found Ydacosul's Weapon Boutique.
 26185 | D:13     | Killed Frances
 26217 | D:13     | Reached skill level 10 in Spellcasting
 27005 | D:14     | Found Enoop's Antique Armour Boutique.
 27038 | D:14     | Reached skill level 5 in Transmutations
 27038 | D:14     | Reached skill level 5 in Earth Magic
 27209 | D:14     | Found a shadowy altar of Dithmenos.
 27310 | D:14     | Found a runed translucent door.
 27338 | D:14     | Noticed Azrael
 27437 | D:14     | Killed Azrael
 27470 | D:14     | Paralysed by a hornet for 2 turns
 27702 | D:14     | Noticed a frost giant
 27796 | D:15     | Entered Level 15 of the Dungeon
 28161 | D:15     | Reached XP level 16. HP: 71/100 MP: 30/30
 28474 | D:15     | Received a gift from Okawaru
 29154 | D:15     | Found Igel's Weapon Shop.
 29247 | D:15     | Found a glowing golden altar of the Shining One.
 29451 | Orc:1    | Entered Level 1 of the Orcish Mines
 30053 | Orc:2    | Entered Level 2 of the Orcish Mines
 30534 | Orc:1    | Found a roughly hewn altar of Beogh.
 31773 | Orc:2    | Found Atsymiac's General Store.
 31774 | Orc:2    | Found Paupol's Jewellery Shop.
 31777 | Orc:2    | Found Fexy's Antique Armour Boutique.
 31777 | Orc:2    | Found Ecseric's Antique Weapon Boutique.
 31953 | Orc:2    | Found a staircase to the Elven Halls.
 32173 | D:8      | Bought a scroll of teleportation for 42 gold pieces
 32173 | D:8      | Bought a scroll of blinking for 105 gold pieces
 32218 | D:8      | Bought a scroll of teleportation for 48 gold pieces
 32218 | D:8      | Bought a scroll of blinking for 120 gold pieces
 32371 | Orc:2    | Bought a polished executioner's axe for 585 gold pieces
 32371 | Orc:2    | Identified the +3 executioner's axe "Impslayer" {pain,
                  | rPois rN+ Str+3} (You bought it in a shop on level 2 of the
                  | Orcish Mines)
 32383 | Orc:2    | Bought an uncursed ring of protection from fire for 375
                  | gold pieces
 32591 | D:7      | Killed Qupu's ghost
 32591 | D:7      | Reached skill level 1 in Shields
 32594 | D:7      | Killed Grum
 32620 | D:7      | Got a flickering jade amulet
 32655 | D:7      | Identified the amulet of Hopidooj {Gourm *Contam rElec
                  | Dex+4 Slay+6} (You found it on level 7 of the Dungeon)
 32884 | Snake:1  | Entered Level 1 of the Snake Pit
 33380 | Snake:1  | You fall into a shaft and drop 1 floor!
 34017 | Snake:1  | Found a hazy altar of Hepliaklqana.
 34575 | Snake:2  | Received a gift from Okawaru
 34658 | Snake:2  | Noticed Nikola
 34670 | Snake:2  | Killed Nikola
 34677 | Snake:2  | Reached XP level 17. HP: 105/105 MP: 29/31
 34756 | Snake:2  | Got an ancient flail
 35025 | Snake:3  | Found a frozen archway.
 35029 | IceCv    | Entered an ice cave
 36097 | IceCv    | Noticed an Ice Fiend
 36112 | IceCv    | Killed an Ice Fiend
 36259 | IceCv    | Got a dazzling shortbow
 36377 | Snake:3  | Received a gift from Okawaru
 36652 | Snake:3  | Received a gift from Okawaru
 37528 | Snake:4  | Entered Level 4 of the Snake Pit
 37542 | Snake:4  | Learned a level 5 spell: Irradiate
 37721 | Snake:4  | Found Qeisoicu's Gadget Shoppe.
 37765 | Snake:4  | Received a gift from Okawaru
 37859 | Snake:4  | Reached skill level 12 in Fighting
 37859 | Snake:4  | Reached skill level 10 in Transmutations
 37859 | Snake:4  | Reached skill level 10 in Earth Magic
 38036 | Snake:4  | Reached XP level 18. HP: 113/113 MP: 27/32
 38098 | Snake:4  | Reached skill level 15 in Dodging
 38460 | Snake:4  | Received a gift from Okawaru
 38498 | Snake:4  | Got a scorched trident {god gift}
 38501 | Snake:4  | Identified the +6 trident of Wariness {speed, rPois rC+++
                  | Str-2 Int+7} (Okawaru gifted it to you on level 4 of the
                  | Snake Pit)
 38607 | Snake:4  | Got a serpentine rune of Zot
 38868 | Shoals:1 | Entered Level 1 of the Shoals
 39080 | Shoals:1 | Identified a scroll of acquirement
 39082 | Shoals:1 | Got a wavering gossamer ring
 39083 | Shoals:1 | Identified the ring "Sykaulaw" {rElec Str+3 Int+3 Dex+4
                  | SInv} (You acquired it on level 1 of the Shoals)
 39399 | Shoals:1 | Reached skill level 13 in Fighting
 39802 | Shoals:2 | Received a gift from Okawaru
 39805 | Shoals:2 | Got a dazzling spear {god gift}
 41323 | Shoals:4 | Entered Level 4 of the Shoals
 41357 | Shoals:4 | Received a gift from Okawaru
 41368 | Shoals:4 | Got a bloodstained large shield {god gift}
 41369 | Shoals:4 | Identified the +4 large shield of the Solstice {rPois Int+3
                  | Slay+5} (Okawaru gifted it to you on level 4 of the Shoals)
 41731 | Shoals:4 | Found a bloodstained altar of Trog.
 41874 | Shoals:4 | Reached XP level 19. HP: 121/121 MP: 27/33
 41910 | Shoals:4 | Got a barnacled rune of Zot
 41961 | Shoals:4 | Reached skill level 5 in Shields
 42019 | Shoals:4 | Found Reicah's Assorted Antiques.
 42039 | Shoals:4 | Bought a hardcover book for 450 gold pieces
 42078 | Shoals:4 | Identified the Papyrus of Virous Ice
 42459 | Vaults:1 | Entered Level 1 of the Vaults
 42508 | Vaults:1 | Reached skill level 14 in Fighting
 42606 | Vaults:1 | Found Piti's Armour Emporium.
 42761 | Vaults:1 | Received a gift from Okawaru
 43489 | Vaults:1 | Reached skill level 15 in Axes
 43928 | Elf:1    | Entered Level 1 of the Elven Halls
 44077 | Elf:1    | Found Laxkei's General Store.
 44093 | Elf:1    | Bought a scroll of teleportation for 51 gold pieces
 44093 | Elf:1    | Bought a scroll of fog for 34 gold pieces
 44120 | Elf:1    | Identified Roxanne's Volume of Transformation
 44120 | Elf:1    | Noticed Roxanne
 44239 | Elf:1    | Identified the Collected Works on Venom
 44537 | Elf:1    | Lost mutation: You are resistant to electric shocks.
                  | (rElec) [potion of mutation]
 44537 | Elf:1    | Lost mutation: You are frail. (-10% HP) [potion of
                  | mutation]
 44537 | Elf:1    | Gained mutation: You are dopey. (Int -2) [potion of
                  | mutation]
 44537 | Elf:1    | Gained mutation: You are agile. (Dex +2) [potion of
                  | mutation]
 44537 | Elf:1    | Gained mutation: You have supernaturally acute eyesight.
                  | (SInv) [potion of mutation]
 44748 | Elf:1    | Reached XP level 20. HP: 144/144 MP: 34/34
 44888 | Elf:1    | Received a gift from Okawaru
 44915 | Elf:1    | Identified the Reference Book on Supportive Arcane Weapons
 45032 | Elf:1    | Learned a level 2 spell: Blink
 45096 | Elf:2    | Got a scorched tin amulet
 45097 | Elf:2    | Identified the amulet of Mecuir {Acrobat Str+2 Int+8} (You
                  | acquired it on level 2 of the Elven Halls)
 45103 | Elf:2    | Reached skill level 10 in Shields
 45124 | Elf:2    | Found a ruined gateway.
 45153 | Desolati | Entered the Desolation of Salt
 45202 | Desolati | Reached skill level 15 in Fighting
 45267 | Desolati | Received a gift from Okawaru
 45286 | Desolati | Got a polished broad axe {god gift}
 45287 | Desolati | Identified the +10 broad axe of Bozypp {distort, rF+}
                  | (Okawaru gifted it to you in the Desolation of Salt)
 45310 | Desolati | Identified the Handbook of Changing
 45363 | Desolati | Identified Sif Muna's Guide on Fire and Good Luck
 45493 | Desolati | Found the +12 glaive of Prune {chop}
 45510 | Desolati | Identified the Handbook of Earthen Unholy Arts
 45537 | Desolati | Learned a level 5 spell: Borgnjor's Vile Clutch
 45585 | Desolati | Received a gift from Okawaru
 45593 | Desolati | Got an ancient glaive {god gift}
 45607 | Desolati | Got a bound jade ring
 45609 | Desolati | Identified the Disquisition on Evil Magic and the Voyage
 45956 | Elf:2    | Gained mutation: Potions are less effective at restoring
                  | your health. [a neqoxec]
 46050 | Elf:2    | Found Zekyug's Gadget Boutique.
 46082 | Elf:2    | Identified the ring "Risyupy" {Str+2 Stlth+} (You found it
                  | in the Desolation of Salt)
 46194 | Elf:2    | Found a runed translucent gate.
 46194 | Elf:2    | Found a runed translucent gate.
 46195 | Elf:2    | Found a runed translucent gate.
 46286 | Elf:2    | Received a gift from Okawaru
 46288 | Elf:2    | Reached XP level 21. HP: 152/152 MP: 30/35
 46567 | Elf:3    | Entered Level 3 of the Elven Halls
 46955 | Elf:3    | Noticed Louise
 46967 | Elf:3    | Killed Louise
 47247 | Elf:3    | Reached skill level 16 in Fighting
 47380 | Elf:3    | Gained mutation: Your spells are a little easier to cast,
                  | but a little less powerful. [a neqoxec]
 47395 | Elf:3    | Received a gift from Okawaru
 47484 | Elf:3    | Identified the +7 glaive of Zowoh {pain, rPois rF- Int+2
                  | Dex+4}
 47667 | Elf:3    | Identified the Volume of the Excruciating Snowflakes
 47731 | Elf:3    | Got a pitted glaive
 47748 | Elf:3    | Identified the +6 triple sword of Watchfulness {slice, rF++
                  | MR+}
 47748 | Elf:3    | Identified the ring "Diguosun" {Fire +Inv}
 48875 | Vaults:2 | Noticed Asterion
 48879 | Vaults:2 | Reached XP level 22. HP: 161/161 MP: 33/36
 48886 | Vaults:2 | Killed Asterion
 48902 | Vaults:2 | Reached skill level 15 in Shields
 48931 | Vaults:2 | Received a gift from Okawaru
 49102 | Vaults:2 | Reached skill level 17 in Fighting
 49161 | Vaults:2 | Found a staircase to the Crypt.
 49504 | Vaults:3 | Found Xeal's Assorted Antiques.
 49517 | Vaults:3 | Bought a potion of mutation for 312 gold pieces
 49620 | Vaults:3 | Found Debruz's Food Shoppe.
 49747 | Vaults:3 | Found Ugistuc's General Store.
 49752 | Vaults:3 | Bought a potion of heal wounds for 105 gold pieces
 49773 | Vaults:3 | Received a gift from Okawaru
 49785 | Vaults:3 | Found Ositseinn's General Store.
 49827 | Vaults:3 | Bought a potion of heal wounds for 100 gold pieces
 49996 | Vaults:3 | Reached skill level 18 in Fighting
 50662 | Vaults:4 | Received a gift from Okawaru
 50678 | Vaults:4 | Identified the +6 broad axe "Guos" {antimagic, rPois rF+
                  | Int-3} (Okawaru gifted it to you on level 4 of the Vaults)
 50823 | Vaults:4 | Reached XP level 23. HP: 171/171 MP: 30/37
 51489 | D:15     | Found a staircase to the Depths.
 51503 | Depths:1 | Entered Level 1 of the Depths
 51703 | Depths:1 | Found a corrupted altar of Lugonu.
 51710 | Depths:1 | Received a gift from Okawaru
 51724 | Depths:1 | Found a one-way gate to the infinite horrors of the Abyss.
 51855 | Depths:1 | Found a gateway to Hell.
 52116 | Depths:1 | Learned a level 6 spell: Deflect Missiles
 52126 | Depths:2 | Noticed Bai Suzhen
 52136 | Depths:2 | Killed Bai Suzhen
 52140 | Depths:2 | Noticed Margery
 52144 | Depths:2 | Reached skill level 1 in Air Magic
 52147 | Depths:2 | Reached skill level 1 in Charms
 52154 | Depths:2 | Killed Margery
 52378 | Depths:2 | Noticed the Enchantress
 52389 | Depths:2 | Killed the Enchantress
 52674 | Depths:2 | Received a gift from Okawaru
 52685 | Depths:2 | Noticed Aizul
 52688 | Depths:2 | Identified the amulet "Opputar" {Regen+ Stlth+}
 52697 | Depths:2 | Killed Aizul
 52775 | Depths:2 | Identified the +0 hat "Pynif" {rN+} (Okawaru gifted it to
                  | you on level 2 of the Depths)
 52795 | Depths:2 | Got a heavily runed ruby amulet
 52800 | Depths:2 | Noticed a golden dragon
 52808 | Depths:2 | Killed a golden dragon
 53444 | D:13     | Bought a scroll of fog for 24 gold pieces
 53444 | D:13     | Bought a scroll of identify for 24 gold pieces
 53444 | D:13     | Identified the amulet "Engoemn" {RegenMP rPois Int-3
                  | Slay+2} (You found it on level 2 of the Depths)
 53664 | Depths:3 | Reached skill level 5 in Air Magic
 53667 | Depths:3 | Reached skill level 5 in Charms
 53701 | Depths:3 | Reached XP level 24. HP: 177/177 MP: 35/38
 53783 | Depths:3 | Noticed Mara
 53790 | Depths:3 | You fall into a shaft and drop 2 floors!
 53790 | Depths:5 | Entered Level 5 of the Depths
 53963 | Depths:3 | Found a gateway to a ziggurat.
 54010 | Depths:3 | Noticed Flugkiller's illusion
 54014 | Depths:3 | Killed Mara
 54128 | Depths:3 | Received a gift from Okawaru
 54352 | Depths:3 | Found a one-way gate leading to the halls of Pandemonium.
 54410 | Depths:3 | You fall into a shaft and drop 2 floors!
 54704 | Depths:3 | Found a shimmering altar of Xom.
 54704 | Depths:3 | Found a sparkling altar of Nemelex Xobeh.
 54705 | Depths:3 | Found a radiant altar of Vehumet.
 54705 | Depths:3 | Found a shadowy altar of Dithmenos.
 54706 | Depths:3 | Identified the Tome of Flames
 54922 | Depths:3 | Noticed a juggernaut
 54930 | Depths:3 | Killed a juggernaut
 54938 | Depths:3 | Got a heavily runed bronze ring
 54939 | Depths:3 | Identified the ring of Icwuohas {rN+ MP+9 Int+5 Stlth+}
                  | (You found it on level 3 of the Depths)
 55446 | Vaults:5 | Entered Level 5 of the Vaults
 55462 | Vaults:5 | Identified the ring "Fettylea" {rPois Str+8 Int+2 Dex-3
                  | Slay+2}
 55476 | Vaults:5 | Reached XP level 25. HP: 183/183 MP: 24/38
 55478 | Vaults:5 | Received a gift from Okawaru
 55654 | Vaults:5 | Reached skill level 19 in Fighting
 55679 | Vaults:5 | Identified the Reference Book on Destructive Envenoming
 56135 | Vaults:5 | Identified the ring of Qirunwod {+Fly rPois rN+}
 56156 | Vaults:5 | Received a gift from Okawaru
 56159 | Vaults:5 | Got an iridescent war axe {god gift}
 56161 | Vaults:5 | Identified the +5 war axe "Romuem" {drain, +Rage rC+}
                  | (Okawaru gifted it to you on level 5 of the Vaults)
 56178 | Vaults:5 | Identified the Tome of Evil and Ignition
 56193 | Vaults:5 | Got a silver rune of Zot
 56302 | Vaults:5 | Reached skill level 20 in Fighting
 56310 | Vaults:5 | Noticed an ancient lich
 56318 | Vaults:5 | Reached skill level 1 in Conjurations
 56318 | Vaults:5 | Killed an ancient lich
 56340 | Vaults:5 | Noticed Sojobo
 56350 | Vaults:5 | Killed Sojobo
 56490 | Vaults:5 | Received a gift from Okawaru
 56494 | Vaults:5 | Reached skill level 5 in Conjurations
 56578 | Vaults:5 | Got a jewelled trident
 56579 | Vaults:5 | Identified the +4 trident "Death Rattle" {drain, rC+ Str-5
                  | Dex+7 Stlth+} (You found it on level 5 of the Vaults)
 57164 | Depths:5 | Reached XP level 26. HP: 196/196 MP: 38/38
 57170 | Depths:5 | Found Inimma Iqui's Jewellery Shoppe.
 57271 | Depths:5 | Reached skill level 10 in Evocations
 57346 | Depths:5 | Reached skill level 10 in Invocations
 57395 | Depths:5 | Found a gate to the Realm of Zot.
 57403 | Depths:5 | Received a gift from Okawaru
 58517 | Zot:1    | Entered Level 1 of the Realm of Zot
 58520 | Zot:1    | Noticed an orb of fire
 58528 | Zot:1    | Killed an orb of fire
 58890 | Zot:3    | Received a gift from Okawaru
 59146 | Zot:4    | Noticed a Killer Klown
 59155 | Zot:4    | Killed a Killer Klown
 59382 | Zot:4    | Reached XP level 27. HP: 204/204 MP: 27/38
 59385 | Zot:4    | Reached skill level 21 in Fighting
 59958 | Zot:5    | Entered Level 5 of the Realm of Zot
 59988 | Zot:5    | Received a gift from Okawaru
 60021 | Zot:5    | Got a wavering platinum ring
 60022 | Zot:5    | Identified the ring "Ongia" {+Inv Int+4 Stlth-} (You found
                  | it on level 5 of the Realm of Zot)
 60050 | Zot:5    | Got an ancient quarterstaff {god gift}
 61447 | Zot:5    | Noticed an orb of fire
 61458 | Zot:5    | Noticed an ancient lich
 61459 | Zot:5    | Killed an orb of fire
 61462 | Zot:5    | Noticed an orb of fire
 61480 | Zot:5    | Noticed an orb of fire
 61485 | Zot:5    | Gained mutation: Your body sometimes deteriorates upon
                  | taking damage. [an orb of fire]
 61493 | Zot:5    | Received a gift from Okawaru
 61498 | Zot:5    | Gained mutation: You are weak. (Str -2) [an orb of fire]
 61499 | Zot:5    | Gained mutation: You do not regenerate when monsters are
                  | visible. [an orb of fire]
 61504 | Zot:5    | Killed an orb of fire
 61509 | Zot:5    | Noticed an ancient lich
 61511 | Zot:5    | Killed an ancient lich
 61514 | Zot:5    | Killed an ancient lich
 61518 | Zot:5    | Noticed an orb of fire
 61528 | Zot:5    | Gained mutation: You occasionally shout uncontrollably at
                  | your foes. [an orb of fire]
 61535 | Zot:5    | Killed an orb of fire
 61536 | Zot:5    | Killed an orb of fire
 61935 | Zot:5    | Noticed an ancient lich
 61938 | Zot:5    | Noticed an ancient lich
 61944 | Zot:5    | Killed an ancient lich
 61944 | Zot:5    | Received a gift from Okawaru
 61944 | Zot:5    | Reached skill level 22 in Fighting
 61950 | Zot:5    | Killed an ancient lich
 62577 | Zot:5    | Received a gift from Okawaru
 62619 | Zot:5    | Reached skill level 23 in Fighting
 62728 | Zot:5    | Got the Orb of Zot
 62991 | Depths:5 | Noticed Pimmuov the pandemonium lord
 63001 | Depths:5 | Killed Pimmuov the pandemonium lord
 63001 | Depths:5 | Received a gift from Okawaru
 63343 | D:6      | Noticed Labruck the pandemonium lord
 63362 | D:5      | Noticed a seraph
 63526 | D:1      | gg
 63527 | D:$      | Escaped with the Orb!

Levels and vault maps discovered:
D:1:      lightli_arrival_windingriver, layout_loops_cross
D:2:      layout_basic, gammafunk_temple_overflow_claw,
          nicolae_overflow_crystal_walls, first_ration
D:3:      layout_rooms
D:4:      layout_basic, lemuel_round_altar, minmay_temple_entry_junction,
          enter_ossuary_5, minmay_misc_feat_x, kennysheep_generic_room_6
D:5:      layout_gridville, kennysheep_mini
D:6:      layout_cave_pools, portal_sewer_entry_b
D:7:      layout_loops_ring, nicolae_overflow_hidden_temple,
          gammafunk_ghost_gnarly_gnolls, nrook_mini_vaults
D:8:      layout_loops_ring, lemuel_mausoleum_altar_yredelemnul, serial_shops,
          shop, nicolae_shop_trees, shop_statue, kennysheep_little_box, shop
D:9:      layout_basic, kennysheep_mini_moat,
          chequers_temple_overflow_statue_of_worship,
          nicolae_ashenzari_panopticon, hangedman_pestilent_swarm
D:10:     layout_basic, hiddenorc1_lemuel, serial_curves, eino_curves_04,
          eino_curves_02, enter_bailey_8
D:11:     layout_basic, lair_entry_dummy
D:12:     layout_layer_cave, hangedman_decor_points
D:13:     layout_rooms, skrybe_vaults_entry_preservation, serial_shops, shop,
          shop_statue, nicolae_shop_behind_doors, nicolae_shop_waterfront,
          kennysheep_generic_room_3, uniq_frances
D:14:     layout_small_grid, serial_shops, shop, grunt_dithmenos_smoke,
          minmay_hidden_floor, uniq_azrael
D:15:     grunt_enter_depths_snipers, layout_cave_pods, minmay_misc_feat_roman,
          serial_shops, shop, lemuel_tele_altar
Temple:   dpeg_three_leaves_temple
Lair:1:   layout_chaotic_city, chequers_serial_rivers_micro_c,
          grunt_forest_stairs_basic, nicolae_lair_grove_arrangements,
          uniq_nergalle
Lair:2:   layout_big_grid, minmay_shoals_entry_centaurs, worms_lemuel,
          infiniplex_staircase_pool, minmay_lair_oklob_chamber
Lair:3:   layout_roguey, nicolae_volcano_entry_hallway,
          kennysheep_basilisk_garden, serial_bayou_shore_b
Lair:4:   regret_index_wax_grids, layout_big_grid,
          minmay_snake_entry_guardpost_large, wad_woods_01, lemuel_fruit_tree,
          uniq_snorg
Lair:5:   layout_hall_layers, uniq_kirke
Lair:6:   minmay_lair_end_enchanted_forest, layout_loops_ring,
          minmay_slime_entry_pillars, gauntlet_entry_generic, st_stairs_6,
          grunt_megastairs_4
Shoals:1: layout_shoals, centaur_isle
Shoals:2: layout_shoals, nicolae_shoals_kraken_intersection
Shoals:3: layout_shoals
Shoals:4: shoals_end_hangedman, layout_shoals, serial_shops, shop,
          lemuel_altar_in_water
Snake:1:  layout_basic, lemuel_oklob_altar
Snake:2:  layout_concentric_octagons, uniq_nikola
Snake:3:  layout_chambers, portal_ice_cave_entry_pillars_2
Snake:4:  minmay_snake_end_coiled, layout_cave_town, serial_shops, shop,
          nicolae_snake_shapes, serial_bayou_shore_b
Orc:1:    layout_caves, basic_altar
Orc:2:    st_orc_congregation, layout_diamond_mine
Elf:1:    layout_onion_city, serial_shops,
          nicolae_shop_competitors_out_of_business, minmay_elf_sorcery,
          hangedman_research_toxicology, uniq_roxanne
Elf:2:    layout_rooms, serial_shops, nicolae_shop_crystal,
          portal_desolation_entry_nicolae_nacl, lemuel_flamethrower_1
Elf:3:    minmay_elf_hall_golems, layout_geoelf_castle, minivault_23,
          minivault_23, uniq_louise
Vaults:1: hangedman_vaults_river_flow, dpeg_vaults_monster_box,
          grunt_vaults_funnel, hangedman_vaults_trim,
          nicolae_vaults_three_branches, vaults_mumra_hex,
          layout_vaults_omnigrid, serial_shops, shop
Vaults:2: minmay_crypt_entry_nasty_monster, ontoclasm_vaults_gateway,
          vaults_mumra_hexcomb, nicolae_vaults_angled_halls, st_cross,
          vaults_room_grid, ontoclasm_vaults_tryst, vaults_room_door_hall,
          v_misc_8, nicolae_vaults_little_squares_4, hangedman_vaults_cutoff,
          vaults_room_fancy_cross, vaults_room_door_ring,
          layout_vaults_omnicross, uniq_asterion
Vaults:3: ontoclasm_vaults_ring_large, nicolae_vaults_ninety_degrees,
          hangedman_vaults_hat, vaults_dpeg_encased_lava,
          hangedman_vaults_stagger, st_lines, v_misc_1, hangedman_vaults_trim,
          nicolae_vaults_rhombus_6, ontoclasm_vaults_shuriken,
          nicolae_vaults_mini_display_case, vaults_dpeg_diagonal,
          layout_vaults_omnibox, serial_shops, shop, shop_statue, shop, shop
Vaults:4: hangedman_vaults_capsules, vaults_mumra_lcd,
          grunt_vaults_hallway_short, nicolae_vaults_yaktaur_gun_rack,
          vaults_mumra_minichess, nicolae_vaults_rhombus_5,
          hangedman_vaults_nails, grunt_vaults_diagonal, v_misc_29, v_misc_5,
          vaults_room_hallway, vaults_room_octagon, layout_vaults_maze_bifur
Vaults:5: uniq_sojobo
Depths:1: layout_cave_pools, pf_vacation_house_of_asmodeus,
          abyss_entry_flame_altar, kennysheep_opposing_triangles
Depths:2: kennysheep_bubble_arena, layout_basic, hangedman_decor_slide_cut,
          hangedman_abyss_entry_splay, grunt_metal_band, serial_sigils,
          serial_sigils_hangedman_writhe, serial_sigils_hangedman_etch,
          serial_sigils_hangedman_gnaw, serial_sigils_hangedman_quiver,
          serial_sigils_hangedman_gut, minmay_staircase_windowed_small,
          uniq_aizul, uniq_enchantress, uniq_bai_suzhen
Depths:3: minmay_the_grid_octo_tiled_octocenter_mashed
          [minmay_the_grid_octo_fan_narrow, minmay_the_grid_octo_shrine,
          minmay_the_grid_octo_checkered, minmay_the_grid_octo_77,
          minmay_the_grid_octo_prize_single_spiral,
          minmay_the_grid_square_5x5_three_small,
          minmay_the_grid_square_5x5_inset, minmay_the_grid_square_5x5_meh,
          minmay_the_grid_square_5x5_doubleslash], layout_gridlike,
          enter_ziggurat_b, hell_entry, abyss_entry, rand_demon_pan_entry_7,
          infiniplex_staircase_door_maze, uniq_mara
Depths:4: grunt_profane_halls [grunt_profane_temple_tar,
          grunt_profane_temple_coc, grunt_profane_temple_dis,
          grunt_profane_temple_geh, grunt_profane_loot], hell_entry, abyss_entry
Depths:5: grunt_zot_entry_gee_three, layout_honeycomb, serial_shops,
          nicolae_shop_trees, hellmouth_1, dk_noncrumbling_4
Zot:1:    layout_gridlike, grunt_megastairs_3
Zot:2:    gammafunk_sealed_arena, layout_twisted_circle
Zot:3:    layout_gridlike, st_stairs_4
Zot:4:    layout_onion_interference, grunt_megastairs_5
Zot:5:    layout_basic

Skill      XL: |  1  2  3  4  5  6  7  8  9 10 11 12 13 14 15 16 17 18 19 20 21 22 23 24 25 26 27 |
---------------+----------------------------------------------------------------------------------+-----
Stealth        | 3 5 |  5.1
Fighting       | 1 2 3 4 5 6 8 9 11 12 13 14 15 16 18 20 23 | 23.8
Evocations     | 1 2 4 5 7 9 10 | 10.0
Invocations    | 1 2 3 8 9 10 | 10.0
Dodging        | 3 4 6 8 10 11 13 14 17 18 19 20 | 20.0
Polearms       | 3 5 8 |  8.7
Spellcasting   | 3 4 7 10 11 | 11.0
Necromancy     | 5 |  5.0
Translocations | 4 |  4.0
Axes           | 8 12 13 14 15 16 17 | 17.3
Earth Magic    | 6 9 10 12 | 12.0
Transmutations | 6 9 10 12 | 12.0
Shields        | 4 9 12 14 15 16 18 19 20 | 20.0
Air Magic      | 5 8 |  8.0
Charms         | 5 8 |  8.0
Conjurations   | 5 |  5.0

Action                   |  1- 3 |  4- 6 |  7- 9 | 10-12 | 13-15 | 16-18 | 19-21 | 22-24 | 25-27 || total
-------------------------+-------+-------+-------+-------+-------+-------+-------+-------+-------++-------
Melee: Spear             |    83 |   273 |   417 |   206 |       |       |       |       |       ||   979
       Constrict         |    14 |    67 |    51 |    55 |   127 |   197 |   194 |   122 |    94 ||   921
       Tentacles         |     9 |    47 |    77 |   118 |   265 |   311 |   229 |   298 |   258 ||  1612
       Dagger            |       |       |       |     9 |       |       |       |       |       ||     9
       Bardiche          |       |       |       |   217 |   140 |       |       |       |       ||   357
       Broad axe         |       |       |       |   106 |   149 |   884 |   831 |   914 |   697 ||  3581
       Executioner's axe |       |       |       |     7 |       |       |       |       |       ||     7
       Hand axe          |       |       |       |     4 |       |       |       |       |       ||     4
       Battleaxe         |       |       |       |       |   793 |   294 |       |       |       ||  1087
       Punch             |       |       |       |       |    14 |     2 |       |       |       ||    16
 Fire: Arbalest          |       |       |       |   110 |    21 |       |       |       |       ||   131
Throw: Stone             |       |    12 |     5 |       |       |       |       |       |       ||    17
       Dart              |       |       |       |    45 |    12 |    14 |       |       |       ||    71
 Cast: Pain              |    14 |     5 |    12 |    18 |     6 |     3 |       |       |       ||    58
       Animate Skeleton  |    14 |    29 |    27 |    49 |    79 |    42 |     8 |     2 |     5 ||   255
       Vampiric Draining |       |     3 |    11 |     7 |       |       |       |       |       ||    21
       Regeneration      |       |     1 |    17 |    72 |   118 |    32 |       |     6 |     8 ||   254
       Animate Dead      |       |       |       |     2 |    25 |    51 |     5 |     4 |     2 ||    89
       Passage of Golubr |       |       |       |     4 |     1 |     1 |       |       |     4 ||    10
       Conjure Flame     |       |       |       |       |     5 |    14 |       |       |       ||    19
       Shroud of Golubri |       |       |       |       |     6 |    14 |       |     1 |     1 ||    22
       Statue Form       |       |       |       |       |     1 |    68 |    64 |    62 |    48 ||   243
       Irradiate         |       |       |       |       |       |     1 |     3 |     9 |    10 ||    23
       Borgnjor's Vile C |       |       |       |       |       |       |     2 |     6 |     1 ||     9
       Deflect Missiles  |       |       |       |       |       |       |       |     1 |     4 ||     5
Invok: Heroism           |       |       |     1 |     9 |    22 |     4 |       |       |     1 ||    37
       Finesse           |       |       |       |     1 |     7 |     3 |       |       |     1 ||    12
 Abil: End Transformatio |       |       |       |       |       |       |     1 |       |     2 ||     3
Evoke: Wand              |       |     1 |     5 |    17 |    22 |    12 |       |       |       ||    57
  Use: Scroll            |     1 |     6 |    10 |     7 |    20 |    23 |     6 |     8 |    17 ||    98
       Potion            |       |     2 |       |     1 |    19 |     1 |     1 |       |    11 ||    35
 Stab: Sleeping          |    13 |    20 |    24 |    25 |    28 |    40 |    28 |    22 |     9 ||   209
       Distracted        |       |     4 |       |       |     9 |    14 |     5 |     5 |     4 ||    41
       Paralysed         |       |       |       |     4 |     3 |       |       |       |       ||     7
       Petrified         |       |       |       |       |     2 |       |       |       |       ||     2
  Eat: Chunk             |     2 |     7 |    12 |    13 |    37 |    85 |    47 |    44 |    32 ||   279
       Ration            |       |     1 |     2 |     7 |     5 |     3 |       |       |     3 ||    21
Armor: Skin              |     9 |    10 |     4 |    11 |    45 |   360 |   198 |   246 |   145 ||  1028
Dodge: Dodged            |    34 |   146 |   257 |   459 |  1171 |  1570 |   968 |   910 |   634 ||  6149
       Deflected         |       |       |       |       |       |       |       |     2 |    25 ||    27
Block: Buckler           |       |       |       |    19 |    36 |   451 |   423 |       |       ||   929
       Shield            |       |       |       |       |       |       |    40 |   535 |       ||   575
       Large shield      |       |       |       |       |       |       |       |   401 |   879 ||  1280

Table legend:
 A = Non-vault XP
 B = Vault XP
 C = Vault XP percentage of total XP
 D = Non-vault monster count
 E = Vault monster count
 F = Vault count percentage of total count
                 A         B        C        D         E       F
            +---------+---------+-------+---------+---------+-------
      Total |  648477 |  815643 |  55.7 |    1361 |    1051 |  43.6
            +---------+---------+-------+---------+---------+-------
        D:1 |      58 |       0 |   0.0 |      32 |       0 |   0.0
        D:2 |      81 |       0 |   0.0 |      27 |       0 |   0.0
        D:3 |      42 |       0 |   0.0 |      16 |       0 |   0.0
        D:4 |     208 |      16 |   7.1 |      14 |       2 |  12.5
        D:5 |     372 |       0 |   0.0 |      25 |       0 |   0.0
        D:6 |     419 |      28 |   6.3 |       8 |       4 |  33.3
        D:7 |    1086 |    1655 |  60.4 |      15 |      16 |  51.6
        D:8 |    1674 |     447 |  21.1 |      21 |       7 |  25.0
        D:9 |    2878 |     349 |  10.8 |      36 |       4 |  10.0
       D:10 |    4698 |     261 |   5.3 |      22 |      17 |  43.6
       D:11 |    3860 |       0 |   0.0 |      32 |       0 |   0.0
       D:12 |    2831 |       0 |   0.0 |      20 |       0 |   0.0
       D:13 |    9406 |    6455 |  40.7 |      45 |      12 |  21.1
       D:14 |    6178 |    3939 |  38.9 |      44 |       8 |  15.4
       D:15 |   15524 |    2302 |  12.9 |      34 |       3 |   8.1
     Lair:1 |    1973 |    1074 |  35.2 |       9 |       2 |  18.2
     Lair:2 |    6214 |    2658 |  30.0 |      21 |      13 |  38.2
     Lair:3 |    5851 |     872 |  13.0 |      30 |       5 |  14.3
     Lair:4 |    3211 |   11490 |  78.2 |      15 |      65 |  81.2
     Lair:5 |    9385 |    3353 |  26.3 |      27 |       4 |  12.9
     Lair:6 |   11561 |    8201 |  41.5 |      41 |      51 |  55.4
   Shoals:1 |    9695 |    1902 |  16.4 |      25 |       6 |  19.4
   Shoals:2 |   10452 |    2322 |  18.2 |      23 |       1 |   4.2
   Shoals:3 |    8640 |       0 |   0.0 |      21 |       0 |   0.0
   Shoals:4 |   13293 |   16636 |  55.6 |      23 |      27 |  54.0
    Snake:1 |   10895 |       0 |   0.0 |      23 |       0 |   0.0
    Snake:2 |   12150 |    3502 |  22.4 |      28 |       1 |   3.4
    Snake:3 |   21990 |       0 |   0.0 |      43 |       0 |   0.0
    Snake:4 |   19460 |   29994 |  60.7 |      42 |      50 |  54.3
      Orc:1 |    3519 |       0 |   0.0 |      45 |       0 |   0.0
      Orc:2 |    1100 |   10970 |  90.9 |      19 |      71 |  78.9
      Elf:1 |   18207 |   13232 |  42.1 |      29 |      24 |  45.3
      Elf:2 |   18350 |   24659 |  57.3 |      28 |      32 |  53.3
      Elf:3 |   15724 |   56656 |  78.3 |      27 |      40 |  59.7
   Vaults:1 |   21827 |   22597 |  50.9 |      37 |      37 |  50.0
   Vaults:2 |   36535 |   19788 |  35.1 |      64 |      19 |  22.9
   Vaults:3 |   20319 |   24487 |  54.7 |      42 |      35 |  45.5
   Vaults:4 |   28672 |   15701 |  35.4 |      47 |      27 |  36.5
   Vaults:5 |   25834 |  149447 |  85.3 |      36 |      95 |  72.5
   Depths:1 |   21360 |    3768 |  15.0 |      35 |       4 |  10.3
   Depths:2 |   28431 |   40306 |  58.6 |      35 |      26 |  42.6
   Depths:3 |   43512 |   49220 |  53.1 |      53 |      32 |  37.6
   Depths:5 |   26257 |   28625 |  52.2 |      27 |      21 |  43.8
      Zot:1 |   28343 |       0 |   0.0 |      16 |       0 |   0.0
      Zot:2 |    8897 |       0 |   0.0 |       3 |       0 |   0.0
      Zot:3 |   30445 |    8383 |  21.6 |      16 |       4 |  20.0
      Zot:4 |   45525 |    9004 |  16.5 |      22 |       6 |  21.4
      Zot:5 |   31535 |  159534 |  83.5 |      18 |      39 |  68.4
      Sewer |       0 |      36 | 100.0 |       0 |      11 | 100.0
    Ossuary |       0 |     175 | 100.0 |       0 |      38 | 100.0
     Bailey |       0 |    2615 | 100.0 |       0 |      26 | 100.0
      IceCv |       0 |   10601 | 100.0 |       0 |      27 | 100.0
    Volcano |       0 |    4560 | 100.0 |       0 |      13 | 100.0
 Desolation |       0 |   57256 | 100.0 |       0 |     109 | 100.0
   Gauntlet |       0 |    6567 | 100.0 |       0 |      17 | 100.0
            +---------+---------+-------+---------+---------+-------
